 Dungeon Crawl Stone Soup version 0.18-a0-1180-g64ccc1e (webtiles) character file.

26912 Leszczynek the Carver (level 13, -6/111 HPs)
             Began as a Naga Wizard on Jan 27, 2016.
             Was an Elder of Vehumet.
             Mangled by a black mamba (14 damage)
             ... on level 5 of the Lair of Beasts.
             The game lasted 01:31:02 (23550 turns).

Leszczynek the Carver (Naga Wizard)                Turns: 23550, Time: 01:31:03

Health: -6/111     AC: 16    Str: 11    XL:     13   Next: 29%
Magic:  15/23      EV: 17    Int: 21    God:    Vehumet [****..]
Gold:   927        SH:  0    Dex: 18    Spells: 9 memorised, 6 levels left

rFire  . . .     SeeInvis +     S - +1 great sword (slice)
rCold  . . .     Gourm    .     a - +1 robe
rNeg   . . .     Faith    .     (shield currently unavailable)
rPois  +         Spirit   .     b - +0 hat
rElec  .         Dismiss  .     r - +0 cloak (curse)
rCorr  .         Reflect  .     f - +0 pair of gloves
SustAt .         Harm     .     (no barding)
MR     +....                    i - amulet of magic regeneration
Stlth  ++++......               x - +6 ring of protection
                                w - +3 ring of slaying

@: agile, repel missiles, very slow, somewhat resistant to hostile enchantments,
stealthy
A: slimy green scales 1, see invisible, agile 1, deformed body, poison
resistance, slowness 2, slow metabolism 1, spit poison 2, constrict 1, AC +4
a: Spit Poison, Renounce Religion


You were on level 5 of the Lair of Beasts.
You worshipped Vehumet.
Vehumet was greatly pleased with you.
You were not hungry.

You visited 3 branches of the dungeon, and saw 17 of its levels.

You collected 927 gold pieces.

Inventory:

Hand Weapons
 m - a +3 whip of electrocution
 B - a +0 great sword
 S - a +1 great sword of slicing (weapon)
 Y - the +8 long sword "Dragon's Tongue" {antimagic, -Tele rElec rN+++ Int+5}
   (You found it on level 3 of the Lair of Beasts)

   It disrupts the flow of magical energy around spellcasters and certain
   magical creatures (including the wielder).
   It affects your intelligence (+5).
   It insulates you from electricity.
   It renders you almost immune to negative energy.
   It prevents most forms of teleportation.
Missiles
 e - 388 stones (quivered)
 l - 30 tomahawks
 o - a throwing net
 s - 6 javelins
Armour
 a - a +1 robe (worn)
 b - a +0 hat (worn)
 f - a +0 pair of gloves (worn)
 r - a cursed +0 cloak (worn)
Jewellery
 i - an amulet of magic regeneration (around neck)
 w - a +3 ring of slaying (left hand)
 x - a +6 ring of protection (right hand)
 R - an uncursed ring of fire
 U - an uncursed ring of ice
Wands
 k - a wand of polymorph (11/24)
 C - a wand of lightning (9/15)
 H - a wand of draining (0/15)
 K - a wand of cold (2/15)
 M - a wand of confusion (36/48)
 Q - a wand of cold (3/15)
 V - a wand of cold (11/15)
Scrolls
 h - 3 scrolls of enchant weapon
 n - 14 scrolls of remove curse
 q - 2 scrolls of recharging
 v - a scroll of enchant armour
 L - a scroll of summoning
Potions
 g - 4 potions of brilliance
 z - a potion of magic
 N - 2 potions of cure mutation
 O - a potion of flight
Books
 c - a book of Minor Magic

   Spells                             Type                      Level
   a - Magic Dart                     Conjuration                  1
   b - Blink                          Translocation                2
   c - Call Imp                       Summoning                    2
   d - Repel Missiles                 Charms/Air                   2
   e - Slow                           Hexes                        2
   f - Conjure Flame                  Conjuration/Fire             3
   g - Mephitic Cloud                 Conjuration/Poison/Air       3
 p - a book of the Sky

   Spells                             Type                      Level
   a - Summon Lightning Spire         Summoning/Air                4
   b - Airstrike                      Air                          4
   c - Silence                        Hexes/Air                    5
   d - Deflect Missiles               Charms/Air                   6
   e - Conjure Ball Lightning         Conjuration/Air              6
   f - Tornado                        Air                          9
 y - a book of Party Tricks

   Spells                             Type                      Level
   a - Summon Butterflies             Summoning                    1
   b - Apportation                    Translocation                1
   c - Tukima's Dance                 Hexes                        3
   d - Alistair's Intoxication        Transmutation/Poison         5
   e - Invisibility                   Hexes                        6
 J - a book of Envenomations

   Spells                             Type                      Level
   a - Spider Form                    Transmutation/Poison         3
   b - Olgreb's Toxic Radiance        Poison                       4
   c - Alistair's Intoxication        Transmutation/Poison         5
   d - Poisonous Cloud                Conjuration/Poison/Air       6
 X - a book of Battle

   Spells                             Type                      Level
   a - Infusion                       Charms                       1
   b - Shroud of Golubria             Charms/Translocation         2
   c - Song of Slaying                Charms                       2
   d - Spectral Weapon                Hexes/Charms                 3
   e - Regeneration                   Charms/Necromancy            3
Comestibles
 d - 8 bread rations
 j - 7 meat rations
 t - 4 chunks of flesh
 D - 5 royal jellies
 E - 7 fruits


   Skills:
 - Level 6.0 Fighting
 * Level 10.9 Long Blades
 - Level 4.3 Maces & Flails
 - Level 3.9 Dodging
 - Level 4.6 Stealth
 - Level 7.0 Spellcasting
 - Level 8.2 Conjurations
 - Level 8.7 Hexes
 - Level 2.0 Summonings
   Level 1.0 Translocations
 - Level 1.1 Transmutations
 - Level 7.1 Fire Magic
 - Level 5.3 Air Magic
 - Level 6.1 Poison Magic


You had 6 spell levels left.
You knew the following spells:

 Your Spells              Type           Power        Failure   Level  Hunger
a - Magic Dart            Conj           ####         1%          1    None
b - Mephitic Cloud        Conj/Pois/Air  ####....     1%          3    #......
c - Conjure Flame         Conj/Fire      #####...     1%          3    #......
d - Repel Missiles        Chrm/Air       ###...       6%          2    None
e - Ignite Poison         Fire/Trmt/Pois ####....     1%          3    #......
f - Slow                  Hex            #####...     1%          2    None
g - Summon Butterflies    Summ           ###.....     4%          1    None
q - Call Imp              Summ           ###.....     8%          2    None
w - Static Discharge      Conj/Air       #####...     1%          3    #......


Dungeon Overview and Level Annotations

Branches:
Dungeon (11/15)            Temple (1/1) D:6            Lair (5/8) D:11
 Shoals (0/4) Lair:5        Snake (0/4) Lair:5          Orc (0/2) D:11

Altars:
Ashenzari
Cheibriados
Dithmenos
Elyvilon
Fedhas
Gozag
Kikubaaqudgha
Makhleb
Nemelex Xobeh
Okawaru
Pakellas
Qazlal
Ru
Sif Muna
Trog
Vehumet
Xom
Yredelemnul
Zin
The Shining One
Beogh

Annotations:
D:3 exclusion: door
D:4 Sigmund
D:6 11 exclusions
Lair:1 7 exclusions
Lair:3 exclusions: hydra and 1 more exclusion


Innate Abilities, Weirdness & Mutations

You cannot wear boots.
Your serpentine skin is tough (AC +4).
You have supernaturally acute eyesight.
Armour fits poorly on your strangely shaped body.
Your system is resistant to poisons.
You cover ground very slowly.
You have a slow metabolism.
You can spit poison.
You can use your snake-like lower body to constrict enemies.
You are partially covered in slimy green scales (AC +2).
You are agile. (Dex +2)


Message History

The stinking cloud engulfs the black mamba.
The black mamba is heavily wounded.
The stinking cloud engulfs the elephant.
The elephant is severely wounded.
The elephant is engulfed in noxious fumes.
The elephant appears confused.
Casting: Mephitic Cloud
Confirm with . or Enter, or press ? or * to list all spells.
You are standing in a cloud of noxious fumes!
Ignite poison anyway?
Okay, then.
Casting: Ignite Poison
Confirm with . or Enter, or press ? or * to list all spells.
Okay, then.
Casting: Ignite Poison
Confirm with . or Enter, or press ? or * to list all spells.
Aiming: Slow
Press: ? - help, Shift-Dir - straight line, f - black mamba
Aim: a black mamba (noxious fumes, heavily wounded, chance to defeat MR: 78%)
The black mamba seems to slow down.
The black mamba bites you!
You die...

*** *,* ### **#**,* ###
#.##***.#.,,, #@####..##,.....,,
##S§?....##.....,,
#§§Y......#....,,
**#§.......P.....,,
*******.#..............,,
*********,,,**.................,,
*,,*,**,*,,,,,..##....<........,,
*,,,,,,,,,>,,#.#*#.............,,
,,,,,,,,,,,,*##* #P.......##...,,


You could see an elephant (confused) and a black mamba.

Vanquished Creatures
  A fire dragon (Lair:4)
  A catoblepas (Lair:4)
  The ghost of kae the Cleaver, a novice HOFi of Makhleb (D:9)
  Erolcha (D:8)
  Urug (Lair:1)
  Nergalle (Lair:1)
  2 unseen horrors (D:11)
  Pikel (D:6)
  An ugly thing (D:11)
  The ghost of inmateoo the Slasher, a novice HEFi of Makhleb (D:5)
  Joseph (D:7)
  A centaur zombie (D:10)
  4 black mambas
  13 elephants
  3 spiny frogs
  A komodo dragon (Lair:2)
  A troll (D:11)
  4 blink frogs (Lair:1)
  2 wyverns
  16 yaks
  3 hippogriffs
  Grum (Lair:1)
  A hungry ghost (D:9)
  A soldier ant (D:8)
  7 wolves
  5 orc warriors
  8 water moccasins
  8 porcupines
  4 black bears
  2 wasps (D:8)
  4 sky beasts
  2 slaves (D:6)
  An eye of draining (D:10)
  A phantom (D:10)
  3 centaurs
  4 ogres
  8 crocodiles
  14 giant frogs
  A gnoll sergeant (D:11)
  2 scorpions
  4 killer bees
  4 wights (D:10)
  4 crimson imps
  A giant frog zombie (D:6)
  A lava snake (Lair:2)
  A jelly (D:9)
  7 hounds
  7 orc priests
  A gnoll shaman (D:6)
  2 giant frog skeletons
  2 centaur skeletons
  8 hell rats (Lair:1)
  5 iguanas
  10 orc wizards
  10 worker ants
  5 sheep (Lair:1)
  A mummy (D:6)
  2 worker ant zombies
  13 gnolls
  8 adders
  25 river rats
  2 shadow imps
  2 oozes
  7 worms
  3 giant geckos
  62 orcs
  7 bats
  9 giant cockroaches
  11 goblins
  7 hobgoblins
  11 jackals
  4 quokkas
  3 ball pythons
  3 giant gecko skeletons
  7 giant newts
  9 kobolds
  A quokka skeleton (D:7)
  31 rats
  A fungus (Lair:2)
438 creatures vanquished.

Vanquished Creatures (collateral kills)
  A flayed ghost (D:8)
  A hill giant (D:9)
  An ugly thing (D:11)
  The ghost of kae the Insei, an amateur DsTm of Okawaru (D:3)
  A soldier ant (D:8)
  An ice beast (D:7)
  A killer bee (D:10)
  2 gnolls
  3 adders
  A giant gecko (D:6)
  A hobgoblin (D:1)
  6 jackals (D:1)
20 creatures vanquished.

Vanquished Creatures (others)
  An orc wizard (D:7)
  4 fungi
  2 plants
7 creatures vanquished.

Grand Total: 465 creatures vanquished

Notes
Turn   | Place    | Note
--------------------------------------------------------------
     0 | D:1      | Leszczynek the Naga Wizard began the quest for the Orb.
     0 | D:1      | Reached XP level 1. HP: 15/15 MP: 4/4
   540 | D:1      | Reached XP level 2. HP: 20/22 MP: 3/6
   553 | D:1      | Learned a level 2 spell: Call Imp
  1293 | D:1      | Reached XP level 3. HP: 15/28 MP: 0/7
  1393 | D:1      | Learned a level 3 spell: Mephitic Cloud
  1989 | D:2      | Reached skill level 1 in Poison Magic
  2421 | D:2      | Reached XP level 4. HP: 18/36 MP: 1/8
  2630 | D:2      | You fall through a shaft!
  2687 | D:3      | Reached skill level 4 in Poison Magic
  2954 | D:3      | Noticed kae's ghost (amateur DsTm)
  2969 | D:3      | Killed kae's ghost
  2969 | D:3      | Reached XP level 5. HP: 37/42 MP: 0/9
  3503 | D:2      | Reached XP level 6. HP: 43/49 MP: 10/10
  4089 | D:3      | Noticed a moth of wrath
  4308 | D:3      | Found a bloodstained altar of Trog.
  5417 | D:3      | Learned a level 3 spell: Conjure Flame
  5825 | D:4      | Reached skill level 1 in Fire Magic
  6040 | D:4      | Found a stormy altar of Qazlal.
  6096 | D:4      | Reached XP level 7. HP: 41/55 MP: 2/11
  6310 | D:4      | Found a shimmering altar of Xom.
  6396 | D:4      | Noticed Sigmund
  6618 | D:5      | Entered Level 5 of the Dungeon
  6898 | D:5      | Learned a level 2 spell: Repel Missiles
  7071 | D:5      | Found an iron altar of Okawaru.
  7084 | D:5      | Noticed inmateoo's ghost (novice HEFi)
  7106 | D:5      | Killed inmateoo's ghost
  7106 | D:5      | Reached skill level 5 in Fire Magic
  7106 | D:5      | Reached XP level 8. HP: 33/62 MP: 1/12
  7530 | D:5      | Found an opulent altar of Gozag.
  7640 | D:5      | Reached skill level 5 in Conjurations
  7838 | D:6      | Reached skill level 1 in Fighting
  8509 | D:6      | Reached skill level 6 in Conjurations
  8849 | D:6      | Noticed Pikel
  9012 | D:6      | Found a staircase to the Ecumenical Temple.
  9049 | Temple   | Entered the Ecumenical Temple
  9066 | Temple   | Became a worshipper of Vehumet
  9188 | D:6      | Reached XP level 9. HP: 78/78 MP: 8/13
  9196 | D:6      | Reached skill level 7 in Conjurations
  9261 | D:6      | Found a shadowy altar of Dithmenos.
  9265 | D:6      | Found an ancient bone altar of Kikubaaqudgha.
  9380 | D:6      | Found an opulent altar of Gozag.
  9511 | D:6      | Found a glowing silver altar of Zin.
  9571 | D:6      | Killed Pikel
  9571 | D:6      | Reached skill level 5 in Spellcasting
 10071 | D:7      | Found a white marble altar of Elyvilon.
 10106 | D:7      | Reached skill level 1 in Maces & Flails
 10238 | D:7      | You fall through a shaft!
 10277 | D:8      | Reached skill level 5 in Poison Magic
 10287 | D:8      | Gained mutation: You are agile. (Dex +2) [potion of beneficial mutation]
 10500 | D:8      | Noticed Erolcha
 10558 | D:8      | Found a sparkling altar of Nemelex Xobeh.
 10614 | D:7      | Noticed Joseph
 10651 | D:7      | Killed Joseph
 10651 | D:7      | Reached * piety under Vehumet
 10651 | D:7      | Offered knowledge of Freeze by Vehumet.
 10936 | D:7      | Found a basalt altar of Yredelemnul.
 11029 | D:8      | Noticed a flayed ghost
 11045 | D:8      | Killed a flayed ghost
 11045 | D:8      | Reached XP level 10. HP: 36/87 MP: 11/17
 11244 | D:8      | Learned a level 1 spell: Summon Butterflies
 11260 | D:8      | Learned a level 2 spell: Slow
 11589 | D:8      | Reached skill level 1 in Long Blades
 11589 | D:8      | Reached skill level 1 in Hexes
 11791 | D:8      | Killed Erolcha
 12281 | D:9      | Noticed kae's ghost (novice HOFi)
 12413 | D:9      | Killed kae's ghost
 12672 | D:9      | Found a blossoming altar of Fedhas.
 12781 | D:9      | Found a shattered altar of Ashenzari.
 12953 | D:9      | Noticed a hill giant
 12972 | D:9      | Killed a hill giant
 12972 | D:9      | Reached skill level 5 in Long Blades
 13017 | D:10     | Entered Level 10 of the Dungeon
 13056 | D:10     | Reached skill level 5 in Hexes
 13131 | D:10     | Reached XP level 11. HP: 89/93 MP: 14/18
 13341 | D:10     | Reached ** piety under Vehumet
 13341 | D:10     | Offered knowledge of Flame Tongue by Vehumet.
 14658 | D:11     | Found a staircase to the Lair.
 14663 | Lair:1   | Entered Level 1 of the Lair of Beasts
 14811 | D:11     | Found a staircase to the Orcish Mines.
 14816 | D:11     | Found a roughly hewn altar of Beogh.
 14905 | D:11     | Noticed an unseen horror
 14925 | D:11     | Killed an unseen horror
 14925 | D:11     | Reached skill level 5 in Fighting
 15190 | D:11     | Noticed a cyan ugly thing
 15215 | D:11     | Killed a cyan ugly thing
 15567 | D:11     | Got an amber-encrusted ring mail
 15568 | D:11     | Identified the cursed +1 ring mail of the Leaf {rElec Int+2} (You found it on level 11 of the Dungeon)
 15577 | D:11     | Noticed a red ugly thing
 15848 | D:11     | Noticed an unseen horror
 15853 | D:11     | Killed an unseen horror
 15863 | D:11     | Killed a red ugly thing
 16188 | D:11     | Offered knowledge of Static Discharge by Vehumet.
 16480 | D:11     | Learned a level 3 spell: Static Discharge
 16538 | D:11     | Reached skill level 8 in Conjurations
 17180 | Lair:1   | Gained mutation: You are partially covered in slimy green scales (AC +2). [potion of beneficial mutation]
 17250 | Lair:1   | Noticed Urug
 17276 | Lair:1   | Killed Urug
 17290 | Lair:1   | Reached *** piety under Vehumet
 17515 | Lair:1   | Reached skill level 5 in Air Magic
 17763 | Lair:1   | Noticed Grum
 17775 | Lair:1   | Killed Grum
 17783 | Lair:1   | Reached XP level 12. HP: 88/105 MP: 14/19
 17871 | Lair:1   | Offered knowledge of Ignite Poison by Vehumet.
 17876 | Lair:1   | Learned a level 3 spell: Ignite Poison
 18019 | Lair:1   | Noticed Nergalle
 18048 | Lair:1   | Killed Nergalle
 18048 | Lair:1   | Reached skill level 1 in Transmutations
 18925 | Lair:1   | Reached **** piety under Vehumet
 19333 | Lair:1   | Offered knowledge of Airstrike by Vehumet.
 20279 | Lair:2   | Reached skill level 9 in Long Blades
 21028 | Lair:2   | Gained mutation: You can use your snake-like lower body to constrict enemies. [Naga growth]
 21028 | Lair:2   | Reached XP level 13. HP: 80/111 MP: 23/23
 21521 | Lair:3   | Got a translucent long sword
 21522 | Lair:3   | Identified the +8 long sword "Dragon's Tongue" {antimagic, -Tele rElec rN+++ Int+5} (You found it on level 3 of the Lair of Beasts)
 22095 | Lair:4   | Got an ichor-stained shield
 22096 | Lair:4   | Identified the +0 shield "Qaetzu" {rElec rC+ Regen+} (You found it on level 4 of the Lair of Beasts)
 22199 | Lair:4   | Reached skill level 10 in Long Blades
 23079 | Lair:4   | Noticed a fire dragon
 23107 | Lair:4   | Killed a fire dragon
 23522 | Lair:5   | HP: 3/111 [elephant (14)]
 23550 | Lair:5   | Mangled by a black mamba

Vault maps used:
D:1:      dpeg_arrival_chase
D:3:      tgw_trog, hangedman_glass_garden
D:4:      kennysheep_spiral_hall, lemuel_round_altar,
          lemuel_coloured_pillars_altar, first_bread, uniq_sigmund
D:5:      lemuel_doored_altar, nicolae_overflow_hidden_temple
D:6:      zin_treasury, kennysheep_little_box, grunt_dithmenos_smoke,
          temple_hall, basic_altar, gup_ossuary_entry_pyramid, uniq_pikel
D:7:      overflow_temple_1_default, kennysheep_mini_moat, uniq_joseph
D:8:      basic_altar, hangedman_pestilent_swarm, kennysheep_island_fort,
          uniq_erolcha
D:9:      evilmike_ruin_ashenzari, nicolae_overflow_crystal_walls
D:10:     serial_co_window_serial, co_window_corner_a,
          co_window_of_opportunity_a, co_window_of_opportunity_a,
          co_window_paths_b, co_window_paths_a, co_window_corner_a,
          co_window_corner_a, co_window_corner_a, co_window_paths_a,
          co_window_broadway_b, co_window_corner_b, co_window_broadway_a,
          co_window_paths_e, glass_columns_b
D:11:     lair_0_dummy, minmay_orc_entry_temple_small
Temple:   temple_eino_lava_8
Lair:1:   lemuel_ratsnest, special_room, cheibrodos_lair_reptile_den,
          uniq_nergalle, uniq_grum, uniq_urug
Lair:3:   st_stairs_4, serial_bayou_shore_a
Lair:4:   dragon1_lemuel, infiniplex_staircase_pool
Lair:5:   minmay_shoals_entry_lonely_mermaid, guppyfry_snake_entry_garden,
          portal_ice_cave_entry_imps, serial_bayou_shore_b

Action                   |  1- 3 |  4- 6 |  7- 9 | 10-12 | 13-15 || total
-------------------------+-------+-------+-------+-------+-------++-------
Melee: Unarmed           |     6 |       |       |       |       ||     6
       Dagger            |    32 |       |       |       |       ||    32
       Short sword       |    20 |       |       |       |       ||    20
       Whip              |       |   219 |   255 |   643 |       ||  1117
       Great sword       |       |       |       |    40 |    14 ||    54
       Long sword        |       |       |       |       |    97 ||    97
Throw: Stone             |     1 |     2 |     1 |     9 |     1 ||    14
 Cast: Magic Dart        |    41 |    45 |    38 |    54 |       ||   178
       Call Imp          |    13 |     6 |    21 |    51 |     2 ||    93
       Mephitic Cloud    |     2 |     9 |    26 |    99 |     9 ||   145
       Conjure Flame     |       |     1 |       |       |     1 ||     2
       Repel Missiles    |       |       |     2 |     2 |     1 ||     5
       Slow              |       |       |       |    59 |    11 ||    70
       Static Discharge  |       |       |       |    16 |       ||    16
       Summon Butterflie |       |       |       |     1 |       ||     1
       Ignite Poison     |       |       |       |    14 |     4 ||    18
 Abil: Spit Poison       |     4 |     1 |     1 |     2 |       ||     8
Evoke: Wand              |       |       |     7 |     3 |     4 ||    14
  Use: Scroll            |     3 |     4 |    12 |     9 |     5 ||    33
       Potion            |       |     2 |     9 |     3 |     6 ||    20
 Stab: Sleeping          |     4 |     7 |     4 |     2 |     3 ||    20
       Distracted        |       |     2 |     3 |     2 |       ||     7
       Confused          |       |       |    10 |    38 |     1 ||    49
  Eat: Chunk             |     4 |    11 |     7 |    25 |     3 ||    50
       Bread ration      |       |       |     2 |       |       ||     2
       Royal jelly       |       |       |       |     3 |     1 ||     4
       Pizza             |       |       |       |     1 |     1 ||     2
       Fruit             |       |       |       |       |     1 ||     1
